 Dungeon Crawl Stone Soup version 0.31.0-2-g5a2aebc5c2 (webtiles) character file.

Game seed: 3823577959712562057

132601 ssalbiz the Severer (level 16, -22/232 HPs)
             Began as a Minotaur Berserker on Jan 21, 2024.
             Was an Elder of Trog.
             Annihilated by Donald
             ... wielding a +3 double sword of electrocution
              (31 damage)
             ... on level 3 of the Lair of Beasts.
             The game lasted 00:57:59 (29411 turns).

ssalbiz the Severer (Minotaur Berserker)           Turns: 29411, Time: 00:58:00

Health: -22/232    AC: 23    Str: 30    XL:     16   Next: 57%
Magic:  15/15      EV: 13    Int:  4    God:    Trog [****..]
Gold:   2262       SH:  0    Dex: 10    Spells: 15/15 levels left

rFire   + . .        O - +3 broad axe
rCold   + . .        (no shield)
rNeg    . . .        N - +0 plate armour {rF+}
rPois   +            (helmet restricted)
rElec   .            K - +0 cloak
rCorr   .            q - +0 pair of gloves
SInv    .            r - +0 pair of boots
Will    +....        V - amulet of faith Stlth
                     T - ring of poison resistance
HPRegen 0.58/turn    s - ring of protection from cold
MPRegen 0.14/turn

%: faith
@: berserking (expiring), studying Stealth, very quick
A: horns 2, retaliatory headbutt
a: Renounce Religion, Berserk, Trog's Hand, Brothers in Arms


You were on level 3 of the Lair of Beasts.
You worshipped Trog.
Trog was greatly pleased with you.
You visited 5 branches of the dungeon, and saw 24 of its levels.
You also visited: Bailey and Volcano.

You collected 3236 gold pieces.
You spent 974 gold pieces at shops.

Inventory:

Hand Weapons
 i - a +3 morningstar
 O - a +3 broad axe (weapon)
Missiles
 b - 35 poisoned darts (quivered)
 h - 2 throwing nets
 F - 7 curare-tipped darts
 P - 15 javelins
Armour
 q - a +0 pair of gloves (worn)
 r - a +0 pair of boots (worn)
 K - a +0 cloak (worn)
 N - a +0 plate armour of fire resistance (worn)
Jewellery
 s - a ring of protection from cold (right hand)
 v - a ring of protection from fire
 C - a ring of willpower
 D - the ring "Erchonk" {rC+ Will+ Str-2 Int+2 Dex+3}
   (You found it on level 8 of the Dungeon)

   [ring of willpower]

   Str-2:     It affects your strength (-2).
   Int+2:     It affects your intelligence (+2).
   Dex+3:     It affects your dexterity (+3).
   rC+:       It protects you from cold.
   Will+:     It increases your willpower.
 M - a ring of resist corrosion
 Q - a ring of ice
 T - a ring of poison resistance (left hand)
 V - an amulet of faith (around neck)
 Z - a ring of see invisible
Wands
 p - a wand of paralysis (53)
 z - a wand of roots (23)
 B - a wand of light (23)
 E - a wand of flame (24)
 G - a wand of digging (11)
 W - a wand of mindburst (9)
 X - a wand of polymorph (3)
Scrolls
 d - 7 scrolls of identify
 l - 19 scrolls of teleportation
 o - 2 scrolls of revelation
 y - 3 scrolls of fear
 A - 4 scrolls of blinking
 I - 4 scrolls of fog
 L - 2 scrolls of butterflies
Potions
 c - 18 potions of curing
 g - 4 potions of heal wounds
 k - 6 potions of haste
 m - 2 potions of enlightenment
 n - 5 potions of might
 u - a potion of cancellation
 J - 3 potions of lignification
Miscellaneous
 a - a phial of floods
 H - a sack of spiders
 S - a lightning rod (4/4)


   Skills:
 + Level 17.5 Fighting
 - Level 18.0 Axes
 + Level 17.1 Armour
 + Level 15.8 Dodging
 - Level 7.6 Stealth


You had 15 spell levels left.
You didn't know any spells.
Your spell library was empty.

Dungeon Overview and Level Annotations

Branches:
Dungeon (12/15)            Temple (0/1) D:4            Lair (5/5) D:9
  Swamp (4/4) Lair:2       Spider (1/4) Lair:3        Slime (0/5) Lair:4
    Orc (2/2) D:11            Elf (0/3) Orc:2        Bailey (visited)
Volcano (visited)

Altars:
Ashenzari
Dithmenos
Elyvilon
Gozag
Kikubaaqudgha
Makhleb
Sif Muna
Vehumet
Yredelemnul
Lugonu

Shops:
D:3 !   Orc:2 ?:?(=?

Portals:
Abyss: Lair:5

Annotations:
D:10 1 exclusion
Lair:3 Donald


Innate Abilities, Weirdness & Mutations

You have a pair of horns on your head.
You reflexively headbutt those who attack you in melee.


Message History

Donald is severely wounded.
You hit the boulder beetle but do no damage.
Donald hits you with a +3 double sword of electrocution!
You are electrocuted!!
The boulder beetle leaps!
Unknown command.
Donald blocks your attack.
Your headbutt misses Donald.
Donald is severely wounded.
Donald hits you with a +3 double sword of electrocution!!
* * * LOW HITPOINT WARNING * * *
Unknown command.
Donald blocks your attack. x2
Donald is severely wounded.
Your two-headed ogre is caught in a web!
Unknown command.
You barely miss Donald. Your punch misses Donald.
Donald is severely wounded.
Donald hits you with a +3 double sword of electrocution!!
* * * LOW HITPOINT WARNING * * *
Your two-headed ogre struggles to get unstuck from the web.
Unknown command.
Unknown command.
You hit Donald. Your headbutt misses Donald.
Donald is severely wounded.
Donald hits you with a +3 double sword of electrocution!!
* * * LOW HITPOINT WARNING * * *
Your two-headed ogre struggles to get unstuck from the web.
Unknown command.
You hit Donald. Donald blocks your attack.
Donald is severely wounded.
Unknown command.
Donald blocks your attack. x2
Donald is severely wounded.
Donald misses you.
Your two-headed ogre struggles to get unstuck from the web.
The boulder beetle leaps!
Donald blocks your attack. x2
Donald is severely wounded.
Donald hits you with a +3 double sword of electrocution!!
You die...
Donald says, "Well, maybe you weren't so bad after all."

########.......#........######
#.##P###......#........#######
.......+.......#.......#######
.....#.#........^^.....#######
###.####....^...^^.....#######
##....##....^^..^....B.#######
##...###......^..^^.^^.##
###.#.##...^.^..^.^^.^..#
...........^.^..@^.^^..##
...........^.^.O@.^....#
............^^^^^^..^..#
.####.###...^^.^^......#
#####..###....^○^......##
.......>##.......^......#
#........#.....#.....#.##
..............#.....P#.#
#........+...#.........##


You could see Donald (fast, strong), a boulder beetle (ally target) and a
friendly two-headed ogre (summoned, berserk, webbed).

Vanquished Creatures
  A tentacled monstrosity (Swamp:2)
  A thorn hunter (Swamp:3)
  Kirke (Swamp:1)
  A ghoul (Swamp:3)
  A reaper (Orc:1)
  3 eleionomae
  6 bunyips
  A shambling mangrove (Swamp:3)
  Erolcha (D:9)
  11 hydras
  A catoblepas (Lair:1)
  Fannar (D:11)
  2 ogre magi (Orc:2)
  A boulder beetle (D:11)
  Erica (Lair:2)
  A two-headed ogre (D:9)
  6 death yaks (Lair:4)
  10 alligators
  3 thrashing horrors (Lair:5)
  A sun demon (Volcano)
  Urug (D:10)
  A soul eater (Orc:1)
  Nergalle (D:11)
  Lodul (D:10)
  2 spriggan druids
  5 goliath frogs
  3 swamp dragons (Swamp:4)
  9 bog bodies
  A lindwurm (Lair:1)
  3 orc knights
  9 orc sorcerers
  2 ugly things
  3 will-o-the-wisps
  10 elephants
  A manticore (D:11)
  A large abomination (Lair:5)
  A guardian serpent (shapeshifter) (Lair:5)
  2 torpor snails (Lair:5)
  4 black mambas
  13 cane toads
  2 molten gargoyles (Volcano)
  2 smoke demons (Lair:5)
  2 gargoyles (D:11)
  5 komodo dragons
  3 red devils (Volcano)
  Psyche (D:10)
  A troll (shapeshifter) (Lair:5)
  6 trolls
  5 tyrant leeches
  14 hornets
  Grinder (D:5)
  2 raiju (Lair:5)
  2 slime creatures (Lair:4)
  22 blink frogs
  10 dream sheep (Lair:3)
  A culicivora (Lair:3)
  A wraith (D:9)
  33 yaks
  A vampire (D:11)
  A ynoxinul (Lair:5)
  5 fire bats
  11 spriggans
  5 wyverns
  6 basilisks
  A warg (Orc:2)
  5 steam dragons
  2 chaos spawn (Lair:5)
  10 vampire mosquitoes
  Menkaure (D:4)
  13 swamp worms
  9 water moccasins
  8 swamp drakes
  23 orc warriors
  3 wolves
  5 black bears
  A boggart (shapeshifter) (Lair:5)
  5 centaurs
  19 ogres
  2 phantoms
  6 kobold brigands
  10 bullfrogs
  A gnoll sergeant (D:10)
  2 necrophages (Swamp:3)
  2 scorpions (D:4)
  12 small abominations (Lair:5)
  5 wights (D:6)
  10 killer bees
  4 electric eels
  2 howler monkeys
  9 lava snakes (Volcano)
  3 hounds
  4 jellies
  A bombardier beetle (D:4)
  17 orc priests
  A sleepcap (D:6)
  3 iguanas (D:5)
  36 orc wizards
  5 hell rats (Lair:2)
  8 gnolls
  7 adders
  7 shadow imps
  6 white imps
  5 ufetubi
  4 dart slugs
  2 ribbon worms
  63 orcs
  11 ball pythons
  5 bats
  4 endoplasms
  4 giant cockroaches
  7 hobgoblins
  7 jackals
  8 quokkas
  4 frilled lizards
  4 goblins
  21 kobolds
  8 rats
694 creatures vanquished.

Vanquished Creatures (collateral kills)
  2 orc wizards (Orc:2)
2 creatures vanquished.

Vanquished Creatures (others)
  3 bloated husks
  4 humans (Swamp:1)
  An orc wizard (Orc:2)
  An orc (Orc:2)
  4 foxfires (Swamp:1)
13 creatures vanquished.

Grand Total: 709 creatures vanquished

Notes
Turn   | Place    | Note
-------+----------+-------------------------------------------
     0 | D:1      | ssalbiz the Minotaur Berserker began the quest for the Orb.
     0 | D:1      | Reached XP level 1. HP: 19/19 MP: 0/0
    75 | D:1      | Reached skill level 4 in Axes
    86 | D:1      | Reached XP level 2. HP: 9/26 MP: 1/1
   294 | D:1      | Reached skill level 5 in Axes
   328 | D:1      | Reached XP level 3. HP: 25/31 MP: 2/2
   538 | D:1      | Reached ** piety under Trog
  1342 | D:3      | Found Jeck's Distillery.
  1348 | D:3      | Reached XP level 4. HP: 24/39 MP: 3/3
  1355 | D:2      | Reached skill level 6 in Axes
  1469 | D:3      | Bought a potion of curing for 33 gold pieces
  2102 | D:4      | Noticed an ogre
  2109 | D:4      | Killed an ogre
  2110 | D:4      | Reached skill level 7 in Axes
  2110 | D:4      | Reached XP level 5. HP: 31/45 MP: 4/4
  2222 | D:4      | Reached skill level 8 in Axes
  2222 | D:4      | Reached XP level 6. HP: 51/51 MP: 5/5
  2593 | D:4      | Noticed Menkaure
  2594 | D:4      | Found a staircase to the Ecumenical Temple.
  2600 | D:4      | Killed Menkaure
  2601 | D:4      | Reached skill level 9 in Axes
  2722 | D:4      | Reached XP level 7. HP: 57/57 MP: 6/6
  2788 | D:5      | Entered Level 5 of the Dungeon
  2873 | D:5      | Reached skill level 10 in Axes
  2958 | D:5      | Found a basalt altar of Yredelemnul.
  2993 | D:5      | Noticed Grinder
  3002 | D:5      | Killed Grinder
  3047 | D:5      | Reached skill level 11 in Axes
  3259 | D:5      | Reached XP level 8. HP: 51/64 MP: 7/7
  3409 | D:5      | Found an opulent altar of Gozag.
  3715 | D:6      | Reached *** piety under Trog
  3983 | D:6      | Reached skill level 12 in Axes
  4349 | D:6      | Reached skill level 13 in Axes
  5186 | D:7      | Reached skill level 14 in Axes
  5240 | D:7      | Found a burning altar of Makhleb.
  5250 | D:7      | Reached XP level 9. HP: 64/70 MP: 8/8
  5271 | D:7      | Reached **** piety under Trog
  5663 | D:7      | Found a shimmering blue altar of Sif Muna.
  5797 | D:8      | Reached skill level 15 in Axes
  5824 | D:8      | Found a flagged portal.
  5830 | D:8      | Identified the ring "Erchonk" {rC+ Will+ Str-2 Int+2 Dex+3}
  5849 | Bailey   | Entered a bailey
  6114 | Bailey   | Noticed an orc knight
  6114 | Bailey   | Noticed an orc knight
  6156 | Bailey   | Killed an orc knight
  6157 | Bailey   | Reached skill level 16 in Axes
  6163 | Bailey   | Killed an orc knight
  6164 | Bailey   | Reached skill level 5 in Fighting
  6214 | Bailey   | Found an iron altar of Okawaru.
  6400 | D:8      | Found a broken altar of Ashenzari.
  6524 | D:8      | Reached XP level 10. HP: 47/81 MP: 9/9
  6700 | D:8      | Reached skill level 5 in Armour
  7050 | D:8      | Found a shadowy altar of Dithmenos.
  7278 | D:8      | Reached skill level 5 in Dodging
  7656 | D:9      | Found a staircase to the Lair.
  7811 | D:9      | Noticed Erolcha
  7817 | D:9      | Killed Erolcha
  8168 | D:9      | Noticed a two-headed ogre
  8181 | D:9      | Killed a two-headed ogre
  8182 | D:9      | Reached XP level 11. HP: 68/95 MP: 10/10
  8361 | D:10     | Entered Level 10 of the Dungeon
  8703 | D:10     | Noticed Urug
  8719 | D:10     | Killed Urug
  8940 | D:10     | Noticed Psyche
  8948 | D:10     | Killed Psyche
  9246 | D:10     | Found a white marble altar of Elyvilon.
  9246 | D:10     | Noticed Lodul
  9252 | D:10     | Killed Lodul
  9254 | D:10     | Reached skill level 17 in Axes
  9686 | D:11     | Noticed a boulder beetle
  9692 | D:11     | Killed a boulder beetle
 10094 | D:11     | Found a staircase to the Orcish Mines.
 10115 | D:11     | Noticed Nergalle
 10136 | D:11     | Killed Nergalle
 10137 | D:11     | Reached skill level 18 in Axes
 10496 | D:11     | Noticed Fannar
 10507 | D:11     | Killed Fannar
 10927 | Orc:1    | Entered Level 1 of the Orcish Mines
 11772 | Orc:1    | Reached XP level 12. HP: 105/105 MP: 11/11
 12002 | Orc:2    | Entered Level 2 of the Orcish Mines
 12974 | Orc:2    | Reached skill level 10 in Fighting
 12975 | Orc:2    | Found a staircase to the Elven Halls.
 13477 | Orc:2    | Found Appott's Magic Scroll Shoppe.
 13485 | Orc:2    | Bought a scroll of noise for 14 gold pieces
 13485 | Orc:2    | Bought a scroll of revelation for 105 gold pieces
 13485 | Orc:2    | Bought a scroll of amnesia for 56 gold pieces
 13485 | Orc:2    | Bought a scroll of teleportation for 42 gold pieces
 13797 | Orc:2    | Found Xilef's Magic Scroll Shoppe.
 13800 | Orc:2    | Bought a scroll of identify for 30 gold pieces
 13800 | Orc:2    | Bought a scroll of identify for 30 gold pieces
 13800 | Orc:2    | Bought a scroll of blinking for 112 gold pieces
 13800 | Orc:2    | Bought a scroll of identify for 30 gold pieces
 13800 | Orc:2    | Bought a scroll of identify for 30 gold pieces
 13800 | Orc:2    | Bought a scroll of silence for 142 gold pieces
 13800 | Orc:2    | Bought a scroll of fog for 60 gold pieces
 13800 | Orc:2    | Bought a scroll of identify for 30 gold pieces
 13997 | Orc:2    | Found a radiant altar of Vehumet.
 13997 | Orc:2    | Noticed an ogre mage
 14008 | Orc:2    | Reached skill level 10 in Armour
 14013 | Orc:2    | Killed an ogre mage
 14027 | Orc:2    | Noticed an ogre mage
 14033 | Orc:2    | Reached ***** piety under Trog
 14041 | Orc:2    | Killed an ogre mage
 14042 | Orc:2    | Reached skill level 10 in Dodging
 14233 | Orc:2    | Found an ancient bone altar of Kikubaaqudgha.
 14250 | Orc:2    | Found Zerusypp's Magic Scroll Shoppe.
 14285 | Orc:2    | Found Xops's Book Emporium.
 14292 | Orc:2    | Found Pyrchi's Antique Weapon Emporium.
 14300 | Orc:2    | Found Qicul's Jewellery Shoppe.
 14811 | Orc:1    | Noticed a reaper
 14833 | Orc:1    | Killed a reaper
 15118 | Lair:1   | Entered Level 1 of the Lair of Beasts
 15203 | Lair:1   | Reached XP level 13. HP: 90/118 MP: 12/12
 17218 | Lair:2   | Found a staircase to the Swamp.
 17377 | Lair:2   | Noticed Erica
 17384 | Lair:2   | Killed Erica
 17788 | Lair:3   | Found a dark tunnel.
 17807 | Volcano  | Entered a volcano
 18272 | Volcano  | Found a bloodstained altar of Trog.
 18919 | Lair:3   | Found a hole to the Spider Nest.
 18924 | Lair:3   | Reached XP level 14. HP: 130/130 MP: 13/13
 20115 | Lair:4   | Reached XP level 15. HP: 133/138 MP: 14/14
 20302 | Lair:4   | Found a staircase to the Slime Pits.
 20560 | Lair:5   | Entered Level 5 of the Lair of Beasts
 21462 | Lair:5   | Reached skill level 15 in Fighting
 22283 | Lair:5   | Reached skill level 15 in Armour
 22533 | Lair:5   | Identified the +0 helmet of the Slug {rElec rPois}
 23086 | Lair:5   | Found a corrupted altar of Lugonu.
 23086 | Lair:5   | Found a one-way gate to the infinite horrors of the Abyss.
 23401 | Orc:2    | Bought a ring of poison resistance for 260 gold pieces
 23626 | Swamp:1  | Entered Level 1 of the Swamp
 24131 | Swamp:1  | Noticed Kirke
 24155 | Swamp:1  | Killed Kirke
 24912 | Swamp:2  | Identified the serpent talisman of Plog {rCorr Stlth+}
 25486 | Swamp:2  | Noticed a tentacled monstrosity
 25503 | Swamp:2  | Killed a tentacled monstrosity
 26319 | Swamp:3  | Noticed a thorn hunter
 26329 | Swamp:2  | Reached XP level 16. HP: 133/152 MP: 15/15
 26766 | Swamp:3  | Killed a thorn hunter
 26959 | Swamp:3  | Reached skill level 15 in Dodging
 27342 | Swamp:3  | Identified the +9 sling of Pestilence {flame, rElec rF-
                  | Int+4}
 28018 | Swamp:4  | Entered Level 4 of the Swamp
 29381 | Spider:1 | Entered Level 1 of the Spider Nest
 29381 | Spider:1 | Noticed Donald
 29408 | Lair:3   | HP: 9/232 [Donald/+3 double sword of electrocution (19)]
 29411 | Lair:3   | Annihilated by Donald

Illustrated notes

Levels and vault maps discovered:
D:1:      amcnicky_arrival_double_pillar, layout_rooms, lexackson_kobold_supper
D:2:      layout_basic
D:3:      layout_basic, serial_shops, shop
D:4:      layout_cave_pools, minmay_temple_entry_statues_pillars, uniq_menkaure
D:5:      layout_loops_cross, overflow_temple_1_default,
          mainiacjoe_overflow_alcove_1, uniq_grinder
D:6:      layout_basic, serial_demonic, serial_demonic_c, serial_demonic_a,
          serial_demonic_c, serial_demonic_g, serial_demonic_b,
          serial_demonic_a, serial_demonic_d, serial_demonic_g,
          serial_demonic_a, serial_demonic_b, dreamdust_gnoll_farm
D:7:      layout_rooms, mainiacjoe_overflow_catch_the_wave
D:8:      layout_loops_corners, lemuel_doored_altar,
          nicolae_overflow_hidden_temple, enter_bailey_6, minmay_joined_circles
D:9:      layout_cave_pools, erik_lair_orcish_takeover, uniq_erolcha
D:10:     dragon1_lemuel, layout_basic, mainiacjoe_overflow_alcove_4, uniq_urug,
          uniq_psyche, uniq_lodul
D:11:     layout_loops_ring, orc_0_dummy, hangedman_decor_push, uniq_nergalle,
          uniq_fannar
D:12:     layout_cave_pools, nicolae_benzene_ring, david_defended_altar_orc
Lair:1:   layout_long_grid, cheibrodos_lair_caveside_slide, nzn_random_ring,
          infiniplex_staircase_pool
Lair:2:   layout_roguey, mainiacjoe_swamp_entry_lozenge_pond, uniq_erica
Lair:3:   layout_regular_city, spider_nest_entry_web_field,
          nicolae_volcano_entry_batcave, chequers_serial_rivers_small_a
Lair:4:   layout_gridlike, minmay_slime_entry_pillars, serial_bayou_pond_d
Lair:5:   hellmonk_lair_end_abyssal_woods, layout_hall_layers,
          serial_bayou_lagoon_a, grunt_megastairs_1, infiniplex_staircase_pool_2
Swamp:1:  layout_falls_marsh, evilmike_swamp_ruin_rubble_2, uniq_kirke
Swamp:2:  layout_falls_marsh, nicolae_swamp_trees_clearing
Swamp:3:  layout_basic_swamp, evilmike_swamp_ruin_house_1, swamp_pool_1_2
Swamp:4:  grunt_swamp_rune_castle, layout_basic_swamp,
          nicolae_swamp_decorative_isthmus
Spider:1: layout_spider_delve, gammafunk_ghost_cemetery,
          hangedman_spider_tarantella_strand, uniq_donald
Orc:1:    layout_caves, hellmonk_talismancer
Orc:2:    kennysheep_orc_mage_school, layout_caves, basic_altar, serial_shops,
          nicolae_shop_rolled_up, nicolae_shop_statue_plus

Skill      XL: |  1  2  3  4  5  6  7  8  9 10 11 12 13 14 15 16 |
---------------+-------------------------------------------------+-----
Axes           | 4 5 7 8 9 11 14 16 18 | 18.0
Fighting       | 5 8 9 12 13 14 16 17 | 17.5
Armour         | 4 7 9 11 13 15 17 | 17.1
Dodging        | 4 7 8 10 12 14 15 | 15.8
Stealth        | 7 |  7.6

Action                     |  1- 3 |  4- 6 |  7- 9 | 10-12 | 13-15 | 16-18 || total
---------------------------+-------+-------+-------+-------+-------+-------++-------
  Melee: Hand axe          |    94 |    72 |   245 |       |       |       ||   411
         Headbutt          |    11 |     8 |    55 |    85 |   168 |    57 ||   384
         Punch             |       |     1 |     2 |    10 |    12 |     2 ||    27
         War axe           |       |       |    32 |   124 |       |       ||   156
         Broad axe         |       |       |       |   396 |   765 |   244 ||  1405
         Morningstar       |       |       |       |       |    21 |    21 ||    42
  Throw: Dart              |       |       |    11 |    14 |    14 |       ||    39
 Invoke: Berserk           |     2 |     5 |     4 |    28 |    16 |    10 ||    65
         Trog's Hand       |       |       |     3 |    13 |     8 |       ||    24
         Brothers in Arms  |       |       |       |     1 |     1 |     1 ||     3
  Evoke: Wand              |       |       |       |     2 |     3 |       ||     5
    Use: Scroll            |       |       |       |    15 |     7 |       ||    22
         Potion            |       |       |       |       |     2 |       ||     2
   Stab: Distracted        |       |       |       |       |     1 |       ||     1
 Armour: Animal skin       |    58 |    16 |       |       |       |       ||    74
         Scale mail        |       |    26 |   192 |   325 |       |       ||   543
         Plate armour      |       |       |       |   132 |   638 |   258 ||  1028
  Dodge: Dodged            |    67 |    32 |   119 |   257 |   331 |   154 ||   960
